Map: Oxide LE

Players

Vindicta

  • Race: Terran Terran

TriGGeR - Winner!

  • Race: Protoss Protoss

Event: DreamHack SC2 Masters 2021 Fall

VOD

Have the link to the VOD?

Description

Time

  • Played on: Aug. 3, 2021, 3:52 p.m.
  • Length: 7:11

All games in this series

Show
View Real Time Build Order
Export as new Build Order

Vindicta Terran 

Build Orders: Banshee Rush 

Get SALT Encoding   

  12  0:00  SCV  
  13  0:12  SCV  
  14  0:17  Supply Depot  
  14  0:24  SCV  
  15  0:39  SCV  
  15  0:40  Barracks  
  16  0:43  Refinery  
  16  0:51  SCV  
  17  1:03  SCV  
  18  1:15  SCV  
  19  1:27  Marine  
  19  1:28  Orbital Command  
  20  1:45  Command Center  
  20  1:48  Barracks Reactor  
  20  1:57  Supply Depot  
  20  2:00  SCV  
  21  2:08  Bunker  
  21  2:12  SCV  
  22  2:21  Factory  
  22  2:24  Reaper, Marine  
  22  2:27  SCV  
  25  2:34  Refinery  
  25  2:40  SCV  
  25  2:42  Marine  
  27  2:52  SCV  
  27  2:56  Marine  
  27  2:58  Orbital Command  
  29  3:00  Marine  
  29  3:04  SCV  
  31  3:06  Hellion  
  31  3:10  Starport  
  33  3:14  Marine  
  33  3:16  SCV  
  35  3:24  SCV  
  36  3:28  SCV, Factory Tech Lab  
  36  3:32  Marine  
  38  3:36  SCV  
  38  3:40  SCV  
  40  3:44  Supply Depot  
  40  3:47  Marine  
  41  3:52  SCV  
  41  3:53  Factory Tech Lab  
  43  3:55  Banshee, Cloaking Field  
  43  3:58  SCV  
  46  4:06  Marine, SCV  
  46  4:07  Supply Depot  
  46  4:10  SCV  
  46  4:13  Siege Tank  
  46  4:15  Bunker  
  49  4:18  SCV  
  49  4:21  Bunker  
  49  4:22  Marine  
  49  4:24  Marine  
  53  4:30  SCV  
  53  4:36  SCV  
  54  4:38  Banshee  
  54  4:40  Marine  
  54  4:41  Marine  
  54  4:43  SCV  
  60  4:53  SCV  
  60  4:56  Supply Depot  
  60  4:58  Siege Tank  
  63  5:00  Command Center  
  63  5:03  Marine  
  63  5:04  SCV  
  66  5:07  SCV  
  66  5:13  Marine  
  61  5:21  Marine  
  54  5:22  SCV x2  
  52  5:31  Marine  
  43  5:39  Marine  
  40  5:50  SCV  
  41  5:58  Siege Tank  
  41  6:01  Marine  
  41  6:02  SCV  
  45  6:06  SCV  
  45  6:08  Marine  
  47  6:12  Orbital Command  
  47  6:14  SCV  
  45  6:20  SCV, Barracks  
  45  6:21  Marine  
  47  6:26  SCV, Orbital Command  
  48  6:37  Barracks  
  48  6:45  SCV  
Show
View Real Time Build Order
Export as new Build Order

TriGGeR Protoss - Winner!

Build Orders: 1 Gate Expand, Blink Stalkers 

Get SALT Encoding   

  12  0:00  Probe  
  13  0:12  Probe  
  14  0:16  Pylon  
  14  0:24  Probe (Chrono Boost)  
  16  0:36  Gateway, Probe (Chrono Boost)  
  16  0:42  Probe (Chrono Boost)  
  16  0:46  Assimilator  
  17  0:51  Probe  
  18  1:03  Probe  
  19  1:15  Probe  
  20  1:23  Cybernetics Core  
  20  1:31  Nexus  
  20  1:33  Probe  
  21  1:40  Pylon  
  21  1:45  Probe  
  22  1:50  Assimilator  
  22  1:56  Adept (Chrono Boost)  
  22  1:57  Probe  
  22  2:00  Warp Gate  
  25  2:10  Probe  
  26  2:16  Stalker (Chrono Boost)  
  28  2:23  Probe  
  29  2:33  Twilight Council  
  30  2:38  Probe (Chrono Boost)  
  31  2:44  Probe (Chrono Boost)  
  32  2:53  Probe x2 (Chrono Boost)  
  32  2:54  Gateway  
  33  2:58  Probe (Chrono Boost)  
  33  3:00  Probe  
  35  3:05  Robotics Facility  
  35  3:10  Probe  
  35  3:12  Probe  
  37  3:18  Blink (Chrono Boost)  
  37  3:21  Pylon  
  37  3:22  Probe  
  37  3:25  Probe  
  38  3:34  Probe  
  38  3:41  Probe  
  38  3:47  Probe  
  39  3:49  Gateway  
  39  3:50  Stalker  
  39  3:51  Gateway, Stalker  
  39  3:54  Probe  
  44  3:59  Warp Prism (Chrono Boost)  
  46  4:09  Probe  
  47  4:14  Stalker  
  47  4:15  Probe  
  50  4:17  Assimilator  
  50  4:19  Pylon  
  50  4:21  Stalker  
  52  4:27  Observer (Chrono Boost)  
  52  4:29  Pylon  
  53  4:32  Probe  
  53  4:37  Probe  
  55  4:40  Assimilator  
  55  4:44  Stalker x3  
  61  4:49  Pylon, Zealot  
  63  4:57  Probe x2  
  65  5:04  Pylon  
  65  5:08  Observer  
  63  5:22  Stalker x4  
  63  5:26  Shield Battery  
  63  5:27  Observer  
  56  5:44  Probe x2  
  56  5:45  Stalker x4  
  63  5:56  Probe (Chrono Boost)  
  65  6:01  Probe (Chrono Boost)  
  65  6:07  Probe (Chrono Boost)  
  65  6:08  Stalker x2  
  65  6:09  Stalker x2  
  65  6:10  Probe (Chrono Boost)  
  75  6:16  Probe  
  76  6:22  Observer  
  76  6:35  Stalker x4  
  76  6:59  Nexus, Stalker x4  

Tags
 
Add a new tag
Caveats
  • Supply blocks, unpowered buildings, or Contaminate may cause inaccurate times.
  • Supply counts are checked every 10 seconds.